 Dungeon Crawl Stone Soup version 0.29.0-4-gdea44cf6ec (webtiles) character file.

Game seed: 10875926504910005064

6267 qw the Cleaver (level 10, -1/60 HPs)
             Began as a Tengu Warper on Aug 28, 2022.
             Was a Priest of Okawaru.
             Slain by a death yak (19 damage)
             ... on level 9 of the Dungeon.
             The game lasted 00:01:08 (10146 turns).

qw the Cleaver (Tengu Warper)                      Turns: 10146, Time: 00:01:09

Health: -1/60      AC: 19    Str: 15    XL:     10   Next: 94%
Magic:  12/14      EV: 13    Int: 10    God:    Okawaru [***...]
Gold:   321        SH:  5    Dex: 15    Spells: 13/13 levels left

rFire   . . .      SeeInvis .   i - +4 war axe (chaos)
rCold   . . .      Faith    .   (no shield)
rNeg    + . .      Spirit   .   a - +0 plate armour
rPois   +          Reflect  +   (helmet restricted)
rElec   .          Harm     .   u - +2 ratskin cloak {*Rats rPois rN+ Str-1 Int-1 Dex+1}
rCorr   .          Rampage  .   (no gloves)
Will    .....                   (boots unavailable)
Stlth   ..........              m - amulet of reflection
HPRegen 0.20/turn               g - ring "Kakhluq" {rPois EV+4}
MPRegen 0.14/turn               c - +4 ring of slaying {mikee}

@: heroic, flying quickly and evasively, quick
A: beak, talons 3, nimble flight, dopey 1
a: Renounce Religion, Heroism


You were on level 9 of the Dungeon.
You worshipped Okawaru.
Okawaru was most pleased with you.
You visited 2 branches of the dungeon, and saw 10 of its levels.

You collected 445 gold pieces.
You spent 124 gold pieces at shops.


Innate Abilities, Weirdness & Mutations

You have a beak for a mouth.
You have claws for feet.
Your magical nature lets you fly swiftly and evasively.
You are dopey. (Int -2)


   Skills:
 - Level 6.0(11.0) Fighting
 + Level 13.0(18.0) Axes
 - Level 3.8(8.8) Throwing
 - Level 7.3(12.3) Armour
 - Level 3.0(8.0) Dodging
 - Level 2.0 Spellcasting
 - Level 2.4 Translocations
 - Level 4.5 Invocations


You had 13 spell levels left.
You didn't know any spells.
Your spell library contained the following spells:

 Spells                   Type           Power      Damage    Failure   Level
 Blink                    Tloc           10%        N/A       99%         2
 Gell's Gravitas          Tloc           5%         N/A       100%        3
 Lesser Beckoning         Tloc           5%         N/A       100%        3
 Teleport Other           Tloc           5%         N/A       100%        3
 Manifold Assault         Tloc           5%         N/A       100%        5

Inventory:

Hand Weapons
 i - a +4 war axe of chaos (weapon)
 k - a +0 morningstar of holy wrath
Missiles
 t - 12 boomerangs (quivered)
Armour
 a - a +0 plate armour (worn)
 e - a +2 cloak
 u - the +2 ratskin cloak (worn) {*Rats rPois rN+ Str-1 Int-1 Dex+1}
   (You found it on level 8 of the Dungeon)

   When the wearer is hurt, rats may emerge from it to assist them.
   Str:       It affects your strength (-1).
   Int:       It affects your intelligence (-1).
   Dex:       It affects your dexterity (+1).
   rPois:     It protects you from poison.
   rN:        It protects you from negative energy.
Jewellery
 c - a +4 ring of slaying (right hand) {mikee}
 g - the ring "Kakhluq" (left hand) {rPois EV+4}
   (You acquired it on level 2 of the Dungeon)

   [ring of evasion]

   EV:        It affects your evasion (+4).
   rPois:     It protects you from poison.
 m - an amulet of reflection (around neck)
Scrolls
 n - a scroll of identify
 s - a scroll of teleportation
Potions
 b - 2 potions of haste
 d - 3 potions of heal wounds
 h - a potion of might
 j - 2 potions of mutation
 l - a potion of curing
 p - a potion of magic {unknown}
 q - 2 potions of cancellation
 r - a potion of ambrosia {unknown}

Dungeon Overview and Level Annotations

Branches:
Dungeon (9/15)             Temple (1/1) D:4
   Lair: D:8-11         Orc: D:9-12

Altars:
Ashenzari
Cheibriados
Dithmenos
Elyvilon
Fedhas
Gozag
Hepliaklqana
Kikubaaqudgha
Makhleb
Nemelex Xobeh
Okawaru
Qazlal
Ru
Sif Muna
Trog
Uskayaw
Vehumet
Xom
Yredelemnul
Zin
The Shining One

Shops:
D:3 ***=

Annotations:
D:4 1 runed translucent door, qw's ghost, amateur TeWr


Message History

The boomerang hits the kobold brigand.
The kobold brigand is lightly wounded.
A kobold comes into view. It is wielding a +0 whip.
Throw: 12 boomerangs
Press: ? - help, Q - select action Shift-Dir - straight line, f/p - death yak You throw a boomerang.
The boomerang hits the death yak.
The death yak is lightly wounded.
Throw: 12 boomerangs
Press: ? - help, Q - select action Shift-Dir - straight line, f/p - death yak You throw a boomerang.
The boomerang hits the death yak but does no damage.
The death yak is lightly wounded.
Throw: 12 boomerangs
Press: ? - help, Q - select action Shift-Dir - straight line, f/p - death yak You throw a boomerang.
The boomerang hits the death yak!
The death yak is lightly wounded.
An orc wizard comes into view. It is wielding a +0 dagger.
A death yak comes into view.
You feel like a meek peon again. The death yak gores you.
Things that are here:
a +0 flail; an orc corpse
10144 ||| INVOKING Heroism.
You gain the combat prowess of a mighty hero.
An orc comes into view. It is wielding a +0 trident.
The death yak barely misses you.
A death yak comes into view.
The death yak bellows!
The orc shouts!
You hit the death yak. You burn the death yak. You claw the death yak!
You punch the death yak.
The death yak is moderately wounded.
You hear a shout!
A kobold comes into view. It is wielding a +0 dagger of freezing.
The death yak gores you!
You barely miss the death yak. You claw the death yak.
You peck the death yak, but do no damage.
The death yak is moderately wounded.
A kobold comes into view. It is wielding a +0 dagger.
The death yak gores you!!
You die...

##...# #.#
###..%####.#
#~~...~~##.#
.#~..7..~##.#
...........#.#
....7._.7....#
...........).#
..#~..7..~##.#
..#~~...~~##@#
###...####Y#
.....


#oK ...... #K## ...... #oY .u. .Ko #.( #.K# You could see 2 death yaks, an orc
warrior, a kobold brigand, an orc wizard, an orc and 3 kobolds.

Vanquished Creatures
  3 death yaks (D:9)
  A hornet (D:7)
  Prince Ribbit (D:8)
  4 yaks (D:9)
  3 wyverns
  A steam dragon (D:9)
  An ice beast (D:6)
  An orc warrior (D:7)
  3 black bears
  A sky beast (D:8)
  An ogre (D:5)
  3 centaurs
  A phantom (D:6)
  A bullfrog (D:8)
  2 kobold brigands
  A scorpion (D:4)
  11 wights
  Dowan (D:4)
  4 killer bees (D:8)
  An electric eel (D:7)
  3 howler monkeys
  A vampire bat (D:8)
  6 hounds
  5 orc priests
  A gnoll bouda (D:8)
  A jelly (D:6)
  2 iguanas
  3 orc wizards
  Robin (D:4)
  5 gnolls (D:8)
  4 adders
  3 white imps (D:7)
  An ufetubus (D:5)
  A worm (D:3)
  5 dart slugs
  22 orcs
  5 ball pythons
  2 bat skeletons (D:8)
  3 bat zombies (D:8)
  10 endoplasms
  6 giant cockroaches
  18 goblins
  10 hobgoblins
  12 jackals
  4 quokkas
  5 bats
  A frilled lizard (D:2)
  19 kobolds
  11 rats
215 creatures vanquished.

Vanquished Creatures (others)
  Duvessa (D:4)
  A fungus (D:2)
2 creatures vanquished.

Grand Total: 217 creatures vanquished

Notes
Turn   | Place    | Note
-------+----------+-------------------------------------------
     0 | D:1      | qw the Tengu Warper began the quest for the Orb.
     0 | D:1      | Reached XP level 1. HP: 12/12 MP: 4/4
     0 | D:1      | 0 ||| qw: Version: 0.1-a-89-g26bdef1
     0 | D:1      | 0 ||| qw: Game counter: 1574
     0 | D:1      | 0 ||| qw: Always use a shield: true
     0 | D:1      | 0 ||| qw: God list: Okawaru
     0 | D:1      | 0 ||| qw: Allow faded altars: false
     0 | D:1      | 0 ||| qw: Do Orc after D:15 true
     0 | D:1      | 0 ||| qw: Do second Lair branch before Depths: true
     0 | D:1      | 0 ||| qw: Lair rune preference: random
     0 | D:1      | 0 ||| qw: Plans: Normal
     0 | D:1      | 0 ||| PLANNING D:1-11
    62 | D:1      | Reached XP level 2. HP: 17/17 MP: 6/6
    66 | D:1      | Reached skill level 3 in Axes
   137 | D:1      | 137 ||| Stepping ~*~*~tactically~*~*~ (stealth).
   146 | D:1      | 146 ||| Stepping ~*~*~tactically~*~*~ (stealth).
   147 | D:1      | 147 ||| Stepping ~*~*~tactically~*~*~ (stealth).
   148 | D:1      | 148 ||| Stepping ~*~*~tactically~*~*~ (stealth).
   150 | D:1      | 150 ||| Stepping ~*~*~tactically~*~*~ (stealth).
   451 | D:1      | Reached XP level 3. HP: 16/21 MP: 7/7
   681 | D:1      | 681 ||| Stepping ~*~*~tactically~*~*~ (stealth).
   723 | D:1      | Reached skill level 4 in Axes
   731 | D:1      | You fall into a shaft and drop 1 floor!
   732 | D:2      | 732 ||| UPGRADING to +0 cloak.
   737 | D:2      | 737 ||| READING scroll labelled BUBIUCLI JYCI.
   738 | D:2      | 738 ||| READING scroll labelled XOLIKK SU IRE.
   739 | D:2      | 739 ||| READING 2 scrolls labelled MYBBED YNLEPUM.
   742 | D:2      | 742 ||| DROPPING scroll of blinking.
   820 | D:2      | 820 ||| READING scroll labelled UNALLEISIM.
   821 | D:2      | 821 ||| READING scroll labelled BIATHRI SEIS.
   822 | D:2      | 822 ||| READING scroll labelled WOVATO XEHE.
   823 | D:2      | 823 ||| READING scroll of teleportation.
   826 | D:2      | Found a broken altar of Ashenzari.
   921 | D:2      | 921 ||| READING scroll labelled FYPSAI HOICWE.
   921 | D:2      | Identified a scroll of acquirement
   921 | D:2      | 921 ||| ACQUIRING ring "Kakhluq" {rPois EV+4}
   921 | D:2      | Acquired the ring "Kakhluq" {rPois EV+4}
   923 | D:2      | 923 ||| UPGRADING to ring "Kakhluq" {rPois EV+4}.
   924 | D:2      | 924 ||| DRINKING 2 fuming sapphire potions.
   925 | D:2      | 925 ||| DROPPING potion of degeneration.
  1478 | D:1      | 1478 ||| READING scroll labelled AWYPTEU SEUQ.
  1539 | D:2      | 1539 ||| STAIRDANCE
  1796 | D:2      | Found a faded altar of an unknown god.
  2004 | D:2      | 2004 ||| DROPPING orb of energy.
  2005 | D:2      | 2005 ||| READING scroll labelled SISOJOO LEEPUH.
  2106 | D:2      | 2106 ||| READING scroll labelled TEWOMUTOER.
  2107 | D:2      | 2107 ||| DRINKING 3 green potions.
  2107 | D:2      | Gained mutation: You are dopey. (Int -2) [potion of
                  | mutation]
  2150 | D:3      | Found Mewnaoto's Assorted Antiques.
  2154 | D:3      | 2154 ||| BUYING chain mail (81 gold).
  2154 | D:3      | Bought a chain mail for 81 gold pieces
  2154 | D:3      | 2154 ||| BUYING coppery potion (16 gold).
  2154 | D:3      | Bought a coppery potion for 16 gold pieces
  2154 | D:3      | 2154 ||| SHOPLISTING metallic brown potion (16 gold, have
                  | 13).
  2154 | D:3      | 2154 ||| SHOPLISTING ruby potion (16 gold, have 13).
  2154 | D:3      | 2154 ||| SHOPLISTING scroll of identify (36 gold, have 13).
  2154 | D:3      | 2154 ||| SHOPLISTING war axe (63 gold, have 13).
  2190 | D:3      | 2190 ||| FLEEEEING.
  2191 | D:3      | 2191 ||| FLEEEEING.
  2192 | D:3      | 2192 ||| FLEEEEING.
  2193 | D:3      | 2193 ||| FLEEEEING.
  2201 | D:3      | 2201 ||| Stepping ~*~*~tactically~*~*~ (stealth).
  2211 | D:3      | 2211 ||| FLEEEEING.
  2212 | D:3      | 2212 ||| FLEEEEING.
  2221 | D:3      | 2221 ||| STAIRDANCE
  2364 | D:2      | 2364 ||| UPGRADING to +0 chain mail.
  2374 | D:2      | 2374 ||| DROPPING +0 leather armour.
  2375 | D:2      | 2375 ||| DRINKING 2 coppery potions.
  2389 | D:3      | 2389 ||| Stepping ~*~*~tactically~*~*~ (stealth).
  2406 | D:3      | HP: 5/21 [orc wizard/puff of flame (2)]
  2407 | D:3      | 2407 ||| DRINKING potion of heal wounds.
  2412 | D:3      | Reached skill level 5 in Axes
  2412 | D:3      | Reached XP level 4. HP: 21/26 MP: 8/8
  2469 | D:3      | Found Xaiwe's Jewellery Emporium.
  2489 | D:3      | Found a sparkling altar of Nemelex Xobeh.
  2494 | D:3      | 2494 ||| SHOPLISTING +4 ring of slaying (1092 gold, have
                  | 13).
  2494 | D:3      | 2494 ||| SHOPLISTING amulet "Gysif" {Acrobat -Tele rCorr
                  | Str-3 SInv} (469 gold, have 13).
  2494 | D:3      | 2494 ||| SHOPLISTING amulet of regeneration (420 gold, have
                  | 13).
  2494 | D:3      | 2494 ||| SHOPLISTING amulet of the acrobat (420 gold, have
                  | 13).
  2494 | D:3      | 2494 ||| SHOPLISTING ring of Simunig {Fly rF+++ rC+ rCorr
                  | Str-5} (898 gold, have 13).
  2494 | D:3      | 2494 ||| SHOPLISTING ring of poison resistance (280 gold,
                  | have 13).
  2494 | D:3      | 2494 ||| SHOPLISTING ring of positive energy (280 gold,
                  | have 13).
  2494 | D:3      | 2494 ||| SHOPLISTING ring of protection from fire (350
                  | gold, have 13).
  2502 | D:3      | Found a glowing golden altar of the Shining One.
  2507 | D:3      | 2507 ||| Stepping ~*~*~tactically~*~*~ (hiding).
  2524 | D:3      | 2524 ||| Stepping ~*~*~tactically~*~*~ (stealth).
  2766 | D:3      | 2766 ||| DROPPING +0 club.
  2778 | D:3      | 2778 ||| READING 2 scrolls of enchant armour.
  2778 | D:3      | 2778 ||| ENCHANTING +0 cloak.
  2779 | D:3      | 2779 ||| READING scroll of enchant armour.
  2779 | D:3      | 2779 ||| ENCHANTING +1 cloak.
  2808 | D:3      | 2808 ||| FLEEEEING.
  2910 | D:3      | 2910 ||| Stepping ~*~*~tactically~*~*~ (stealth).
  2912 | D:3      | 2912 ||| Stepping ~*~*~tactically~*~*~ (hiding).
  2917 | D:3      | Gained mutation: Your magical nature lets you fly swiftly
                  | and evasively. [Tengu growth]
  2917 | D:3      | Reached XP level 5. HP: 30/30 MP: 9/9
  2963 | D:3      | 2963 ||| Stepping ~*~*~tactically~*~*~ (stealth).
  2986 | D:3      | 2986 ||| Stepping ~*~*~tactically~*~*~ (stealth).
  2995 | D:3      | 2995 ||| Stepping ~*~*~tactically~*~*~ (stealth).
  2996 | D:3      | 2996 ||| Stepping ~*~*~tactically~*~*~ (stealth).
  3012 | D:3      | 3012 ||| Stepping ~*~*~tactically~*~*~ (stealth).
  3014 | D:3      | 3014 ||| Stepping ~*~*~tactically~*~*~ (stealth).
  3016 | D:3      | 3016 ||| Stepping ~*~*~tactically~*~*~ (stealth).
  3021 | D:3      | Found a sacrificial altar of Ru.
  3032 | D:3      | 3032 ||| DROPPING +0 whip.
  3093 | D:3      | Found Iwatran's Assorted Antiques.
  3097 | D:3      | 3097 ||| Stepping ~*~*~tactically~*~*~ (stealth).
  3117 | D:3      | 3117 ||| BUYING bubbling emerald potion (27 gold).
  3117 | D:3      | Bought a bubbling emerald potion for 27 gold pieces
  3117 | D:3      | 3117 ||| SHOPLISTING runed whip (165 gold, have 4).
  3117 | D:3      | 3117 ||| SHOPLISTING scroll labelled UCKIERGHOCS (30 gold,
                  | have 4).
  3159 | D:3      | Noticed a black bear
  3170 | D:3      | Killed a black bear
  3171 | D:3      | Reached skill level 6 in Axes
  3171 | D:3      | Reached XP level 6. HP: 35/35 MP: 10/10
  3304 | D:3      | Found Deimeile's Assorted Antiques.
  3343 | D:3      | 3343 ||| SHOPLISTING bubbling silvery potion (20 gold, have
                  | 4).
  3343 | D:3      | 3343 ||| SHOPLISTING plate armour (529 gold, have 4).
  3343 | D:3      | 3343 ||| SHOPLISTING scroll labelled YGITEDYTWI (23 gold,
                  | have 4).
  3343 | D:3      | 3343 ||| SHOPLISTING scroll of identify (46 gold, have 4).
  3367 | D:3      | 3367 ||| UPGRADING to amulet of reflection.
  3372 | D:3      | 3372 ||| UPGRADING to +6 ring of dexterity.
  3373 | D:3      | 3373 ||| READING scroll labelled QAGALOD ACEOL.
  3374 | D:3      | 3374 ||| DRINKING 2 metallic purple potions.
  3375 | D:3      | 3375 ||| READING 3 scrolls of identify.
  3375 | D:3      | 3375 ||| IDENTIFYING bubbling silvery potion
  3376 | D:3      | 3376 ||| READING 2 scrolls of identify.
  3376 | D:3      | 3376 ||| IDENTIFYING bubbling clear potion
  3377 | D:3      | 3377 ||| DROPPING potion of flight.
  3378 | D:3      | 3378 ||| DROPPING potion of invisibility.
  3508 | D:4      | Noticed Duvessa
  3515 | D:4      | Noticed Dowan
  3522 | D:4      | Killed Duvessa
  3523 | D:4      | Reached skill level 7 in Axes
  3524 | D:4      | Killed Dowan
  3528 | D:4      | 3528 ||| Stepping ~*~*~tactically~*~*~ (stealth).
  3529 | D:4      | 3529 ||| Stepping ~*~*~tactically~*~*~ (stealth).
  3532 | D:4      | 3532 ||| Stepping ~*~*~tactically~*~*~ (stealth).
  3660 | D:4      | Found a basalt altar of Yredelemnul.
  3742 | D:4      | Found a broken altar of Ashenzari.
  3816 | D:4      | Found a shimmering altar of Xom.
  3858 | D:4      | 3858 ||| Stepping ~*~*~tactically~*~*~ (stealth).
  3860 | D:4      | 3860 ||| Stepping ~*~*~tactically~*~*~ (stealth).
  3863 | D:4      | 3863 ||| Stepping ~*~*~tactically~*~*~ (stealth).
  3864 | D:4      | 3864 ||| Stepping ~*~*~tactically~*~*~ (stealth).
  3869 | D:4      | Reached skill level 3 in Fighting
  3872 | D:4      | Noticed Robin
  3873 | D:4      | 3873 ||| Stepping ~*~*~tactically~*~*~ (stealth).
  3885 | D:4      | 3885 ||| Stepping ~*~*~tactically~*~*~ (hiding).
  3887 | D:4      | 3887 ||| Stepping ~*~*~tactically~*~*~ (hiding).
  3896 | D:4      | Killed Robin
  3918 | D:4      | Reached XP level 7. HP: 40/41 MP: 11/11
  3933 | D:4      | 3933 ||| Stepping ~*~*~tactically~*~*~ (stealth).
  3934 | D:4      | 3934 ||| Stepping ~*~*~tactically~*~*~ (stealth).
  4002 | D:4      | Found a staircase to the Ecumenical Temple.
  4003 | D:4      | 4003 ||| PLANNING TEMPLE
  4028 | D:4      | 4028 ||| DROPPING +2 ring mail of cold resistance.
  4033 | Temple   | Entered the Ecumenical Temple
  4175 | Temple   | 4175 ||| PLANNING D:1-11
  4362 | D:4      | Found a runed translucent door.
  4368 | D:4      | Noticed qw's ghost (amateur TeWr)
  4701 | D:4      | 4701 ||| Stepping ~*~*~tactically~*~*~ (stealth).
  4706 | D:4      | Reached skill level 8 in Axes
  4736 | D:4      | Found a burning altar of Makhleb.
  4846 | D:4      | 4846 ||| UPGRADING to +6 ring of strength.
  4848 | D:4      | 4848 ||| DROPPING +6 ring of dexterity.
  4849 | D:4      | 4849 ||| READING scroll labelled QUQ RANWUNLUI.
  4994 | D:4      | 4994 ||| READING 2 scrolls of identify.
  4994 | D:4      | 4994 ||| IDENTIFYING emerald potion
  4995 | D:4      | 4995 ||| DROPPING potion of attraction.
  5009 | D:5      | Entered Level 5 of the Dungeon
  5014 | D:5      | 5014 ||| STAIRDANCE
  5019 | D:4      | Reached skill level 3 in Armour
  5153 | D:5      | 5153 ||| STAIRDANCE
  5208 | D:5      | 5208 ||| STAIRDANCE
  5246 | D:5      | 5246 ||| STAIRDANCE
  5661 | D:5      | Reached XP level 8. HP: 46/46 MP: 12/12
  5805 | D:5      | Reached skill level 9 in Axes
  6263 | D:5      | 6263 ||| UPGRADING to +4 ring of slaying {mikee}.
  6265 | D:5      | 6265 ||| DROPPING +6 ring of strength.
  6266 | D:5      | 6266 ||| READING scroll labelled GAENES LEICKY.
  6267 | D:5      | 6267 ||| READING 3 scrolls labelled BEOF VULATU.
  6268 | D:5      | 6268 ||| DROPPING 2 scrolls of magic mapping.
  6503 | D:6      | 6503 ||| Stepping ~*~*~tactically~*~*~ (stealth).
  6509 | D:6      | 6509 ||| FLEEEEING.
  6511 | D:6      | 6511 ||| FLEEEEING.
  6512 | D:6      | 6512 ||| FLEEEEING.
  6513 | D:6      | 6513 ||| FLEEEEING.
  6514 | D:6      | 6514 ||| FLEEEEING.
  6515 | D:6      | 6515 ||| FLEEEEING.
  6516 | D:6      | 6516 ||| FLEEEEING.
  6517 | D:6      | 6517 ||| FLEEEEING.
  6518 | D:6      | 6518 ||| FLEEEEING.
  6519 | D:6      | 6519 ||| FLEEEEING.
  6520 | D:6      | 6520 ||| FLEEEEING.
  6521 | D:6      | 6521 ||| FLEEEEING.
  6523 | D:6      | 6523 ||| FLEEEEING.
  6524 | D:6      | 6524 ||| FLEEEEING.
  6525 | D:6      | 6525 ||| FLEEEEING.
  6526 | D:6      | 6526 ||| FLEEEEING.
  6527 | D:6      | 6527 ||| FLEEEEING.
  6528 | D:6      | 6528 ||| FLEEEEING.
  6529 | D:6      | 6529 ||| FLEEEEING.
  6530 | D:6      | 6530 ||| FLEEEEING.
  6537 | D:6      | 6537 ||| STAIRDANCE
  6572 | D:5      | 6572 ||| UPGRADING to +0 plate armour.
  6582 | D:5      | 6582 ||| DROPPING +0 chain mail.
  6585 | D:6      | 6585 ||| STAIRDANCE
  6590 | D:5      | 6590 ||| READING scroll labelled UCKIERGHOCS.
  6626 | D:6      | Found a bloodstained altar of Trog.
  6910 | D:6      | 6910 ||| Stepping ~*~*~tactically~*~*~ (stealth).
  6917 | D:6      | Reached skill level 10 in Axes
  7188 | D:6      | 7188 ||| DRINKING 3 amethyst potions.
  7293 | D:6      | 7293 ||| READING 2 scrolls of identify.
  7293 | D:6      | 7293 ||| IDENTIFYING smoky black potion
  7294 | D:6      | 7294 ||| DROPPING 2 potions of berserk rage.
  7357 | D:7      | Noticed a wyvern
  7358 | D:7      | Found a hazy altar of Hepliaklqana.
  7362 | D:7      | Killed a wyvern
  7363 | D:7      | Reached XP level 9. HP: 52/52 MP: 13/13
  7420 | D:7      | HP: 10/52 [centaur/arrow (5)]
  7421 | D:7      | 7421 ||| READING scroll of teleportation.
  7422 | D:7      | 7422 ||| DRINKING 4 potions of heal wounds.
  7589 | D:7      | 7589 ||| Stepping ~*~*~tactically~*~*~ (stealth).
  7807 | D:7      | 7807 ||| Stepping ~*~*~tactically~*~*~ (hiding).
  7809 | D:7      | 7809 ||| Stepping ~*~*~tactically~*~*~ (hiding).
  7879 | D:7      | Noticed a hornet
  7887 | D:7      | Killed a hornet
  7934 | D:7      | 7934 ||| Stepping ~*~*~tactically~*~*~ (stealth).
  7936 | D:7      | 7936 ||| Stepping ~*~*~tactically~*~*~ (hiding).
  8014 | D:7      | 8014 ||| DROPPING +0 flail.
  8036 | D:7      | Found an iron altar of Okawaru.
  8047 | D:7      | Became a worshipper of Warmaster Okawaru
  8160 | D:7      | Reached skill level 11 in Axes
  8302 | D:7      | 8302 ||| DROPPING ring of wizardry.
  8303 | D:7      | 8303 ||| DRINKING 2 metallic brown potions.
  8304 | D:7      | 8304 ||| READING 2 scrolls of identify.
  8304 | D:7      | 8304 ||| IDENTIFYING fuming cyan potion
  8323 | D:8      | 8323 ||| Stepping ~*~*~tactically~*~*~ (hiding).
  8325 | D:8      | 8325 ||| Stepping ~*~*~tactically~*~*~ (hiding).
  8326 | D:8      | 8326 ||| Stepping ~*~*~tactically~*~*~ (hiding).
  8328 | D:8      | 8328 ||| Stepping ~*~*~tactically~*~*~ (hiding).
  8420 | D:8      | 8420 ||| Stepping ~*~*~tactically~*~*~ (stealth).
  8421 | D:8      | 8421 ||| Stepping ~*~*~tactically~*~*~ (stealth).
  8429 | D:8      | Noticed Prince Ribbit
  8432 | D:8      | Killed Prince Ribbit
  8433 | D:8      | Reached skill level 3 in Throwing
  8433 | D:8      | 8433 ||| Stepping ~*~*~tactically~*~*~ (hiding).
  8448 | D:8      | Reached * piety under Okawaru
  8449 | D:8      | 8449 ||| INVOKING Heroism.
  8450 | D:8      | 8450 ||| INVOKING Heroism.
  8497 | D:8      | 8497 ||| Stepping ~*~*~tactically~*~*~ (stealth).
  8510 | D:8      | 8510 ||| Stepping ~*~*~tactically~*~*~ (stealth).
  8512 | D:8      | 8512 ||| INVOKING Heroism.
  8525 | D:8      | 8525 ||| FLEEEEING.
  8526 | D:8      | 8526 ||| FLEEEEING.
  8527 | D:8      | 8527 ||| FLEEEEING.
  8528 | D:8      | 8528 ||| FLEEEEING.
  8529 | D:8      | 8529 ||| FLEEEEING.
  8789 | D:8      | 8789 ||| INVOKING Heroism.
  8791 | D:8      | Reached skill level 12 in Axes
  8886 | D:8      | 8886 ||| INVOKING Heroism.
  8890 | D:8      | Reached skill level 1 in Invocations
  8892 | D:8      | Reached XP level 10. HP: 59/59 MP: 11/14
  8900 | D:8      | Reached skill level 3 in Dodging
  8915 | D:8      | Found a snail-covered altar of Cheibriados.
  8930 | D:8      | 8930 ||| SWAPPING to +4 war axe.
  8931 | D:8      | 8931 ||| DROPPING +0 spectral hand axe.
  8932 | D:8      | 8932 ||| READING 2 scrolls of brand weapon.
  8932 | D:8      | 8932 ||| BRANDING +4 war axe.
  8933 | D:8      | 8933 ||| READING scroll of brand weapon.
  8933 | D:8      | 8933 ||| BRANDING +4 war axe of freezing.
  8972 | D:8      | 8972 ||| Stepping ~*~*~tactically~*~*~ (hiding).
  8975 | D:8      | 8975 ||| INVOKING Heroism.
  9154 | D:8      | 9154 ||| Stepping ~*~*~tactically~*~*~ (stealth).
  9164 | D:8      | Reached skill level 6 in Armour
  9261 | D:8      | Found the +2 ratskin cloak {*Rats rPois rN+ Str-1 Int-1
                  | Dex+1}
  9324 | D:8      | 9324 ||| Stepping ~*~*~tactically~*~*~ (stealth).
  9344 | D:8      | 9344 ||| Stepping ~*~*~tactically~*~*~ (stealth).
  9362 | D:8      | 9362 ||| Stepping ~*~*~tactically~*~*~ (stealth).
  9371 | D:8      | 9371 ||| Stepping ~*~*~tactically~*~*~ (stealth).
  9461 | D:8      | Found an ancient bone altar of Kikubaaqudgha.
  9801 | D:8      | 9801 ||| UPGRADING to +2 ratskin cloak {*Rats rPois rN+
                  | Str-1 Int-1 Dex+1}.
  9811 | D:8      | 9811 ||| READING 2 scrolls of identify.
  9811 | D:8      | 9811 ||| IDENTIFYING brown potion
  9812 | D:8      | 9812 ||| DROPPING potion of brilliance.
  9842 | D:9      | 9842 ||| INVOKING Heroism.
  9849 | D:9      | Reached skill level 3 in Invocations
  9852 | D:9      | Reached ** piety under Okawaru
  9859 | D:9      | Reached skill level 6 in Fighting
  9879 | D:9      | 9879 ||| FLEEEEING.
  9880 | D:9      | 9880 ||| FLEEEEING.
  9881 | D:9      | 9881 ||| Stepping ~*~*~tactically~*~*~ (cloud).
  9889 | D:9      | 9889 ||| FLEEEEING.
  9890 | D:9      | 9890 ||| STAIRDANCE
 10042 | D:9      | 10042 ||| INVOKING Heroism.
 10043 | D:9      | 10043 ||| Stepping ~*~*~tactically~*~*~ (cloud).
 10044 | D:9      | 10044 ||| Stepping ~*~*~tactically~*~*~ (cloud).
 10074 | D:9      | Found a white marble altar of Elyvilon.
 10087 | D:9      | Noticed a death yak
 10087 | D:9      | Noticed a death yak
 10087 | D:9      | Noticed a death yak
 10088 | D:9      | 10088 ||| INVOKING Heroism.
 10089 | D:9      | 10089 ||| Stepping ~*~*~tactically~*~*~ (stealth).
 10092 | D:9      | 10092 ||| Stepping ~*~*~tactically~*~*~ (hiding).
 10096 | D:9      | Killed a death yak
 10104 | D:9      | Killed a death yak
 10104 | D:9      | Reached *** piety under Okawaru
 10106 | D:9      | Reached skill level 13 in Axes
 10107 | D:9      | Killed a death yak
 10125 | D:9      | Noticed a purple ugly thing
 10126 | D:9      | 10126 ||| FLEEEEING.
 10127 | D:9      | 10127 ||| INVOKING Heroism.
 10138 | D:9      | Noticed a death yak
 10143 | D:9      | Noticed a death yak
 10144 | D:9      | 10144 ||| INVOKING Heroism.
 10144 | D:9      | Noticed a death yak
 10146 | D:9      | Slain by a death yak

Levels and vault maps discovered:
D:1:      reono_arrival_mine, layout_basic, minmay_vboxes
D:2:      layout_loops_ring, shapermc_ecumenical_altar_mp_urbaneastern,
          basic_altar
D:3:      minmay_recursive_quarters, layout_rooms, nicolae_ru_awakened_eye,
          mainiacjoe_overflow_large_starburst, serial_shops, nicolae_shop_trees,
          nicolae_shop_hallway_stairs, nicolae_shop_statue_plus, shop
D:4:      layout_loops_ring, nicolae_ashenzari_skybound,
          makhleb_blood_cavern_becter, lemuel_coloured_pillars_altar,
          yredelemnul_altar_generic, minmay_temple_entry_proselytizer,
          ebering_ghost_sewer_d, uniq_duvessa, uniq_robin
D:5:      layout_basic
D:6:      layout_basic, mainiacjoe_overflow_chevrons
D:7:      cheibrodos_helix_gallery, layout_basic,
          mainiacjoe_overflow_concentric_impassable,
          mainiacjoe_overflow_tiny_flanked
D:8:      layout_loops_ring, old_standard_altar, kennysheep_vampire_church,
          enter_bailey_8, uniq_prince_ribbit1
D:9:      layout_long_grid, elyvilon_altar_4, dpeg_lair_monsters, orc_0_dummy
Temple:   nicolae_temple_bog_church

Skill      XL: |  1  2  3  4  5  6  7  8  9 10 |
---------------+-------------------------------+-----
Axes           | 3 5 6 7 8 10 12 13 | 13.0
Armour         | 2 3 5 7 |  7.3
Fighting       | 3 4 5 6 |  6.0
Throwing       | 2 3 |  3.8
Invocations    | 1 4 |  4.5
Dodging        | 3 |  3.0
Spellcasting   | |  2.0
Translocations | |  2.4

Action                   |  1- 3 |  4- 6 |  7- 9 | 10-12 || total
-------------------------+-------+-------+-------+-------++-------
Melee: Hand axe          |   114 |   141 |   150 |     3 ||   408
       Kick              |    30 |    35 |    45 |    19 ||   129
       Peck              |     9 |    28 |    30 |    19 ||    86
       Punch             |       |     1 |     5 |     4 ||    10
       War axe           |       |       |       |    72 ||    72
Throw: Boomerang         |     7 |       |     6 |    14 ||    27
       Javelin           |       |     6 |    63 |    16 ||    85
Invok: Heroism           |       |       |     4 |     6 ||    10
  Use: Scroll            |    11 |     5 |     8 |     3 ||    27
       Potion            |     4 |     1 |     3 |       ||     8
 Stab: Distracted        |     1 |     1 |     4 |       ||     6
Armor: Leather armour    |    23 |       |       |       ||    23
       Chain mail        |    17 |    47 |    23 |       ||    87
       Plate armour      |       |       |    23 |    24 ||    47
Dodge: Dodged            |    76 |    55 |    49 |    26 ||   206
Block: Other             |       |    11 |    21 |    11 ||    43
       Reflection        |       |     1 |     4 |       ||     5

Table legend:
 A = Non-vault XP
 B = Vault XP
 C = Vault XP percentage of total XP
 D = Non-vault monster count
 E = Vault monster count
 F = Vault count percentage of total count
                 A         B        C        D         E       F
            +---------+---------+-------+---------+---------+-------
      Total |    5690 |    3263 |  36.4 |     168 |      48 |  22.2
            +---------+---------+-------+---------+---------+-------
        D:1 |      45 |       8 |  15.1 |      25 |       5 |  16.7
        D:2 |      14 |       0 |   0.0 |       9 |       0 |   0.0
        D:3 |     221 |      45 |  16.9 |      25 |      14 |  35.9
        D:4 |     337 |     329 |  49.4 |      28 |      16 |  36.4
        D:5 |     476 |       0 |   0.0 |      11 |       0 |   0.0
        D:6 |     740 |       0 |   0.0 |      12 |       0 |   0.0
        D:7 |    1111 |     147 |  11.7 |      22 |       2 |   8.3
        D:8 |    1680 |     333 |  16.5 |      28 |       7 |  20.0
        D:9 |    1066 |    2401 |  69.3 |       8 |       4 |  33.3
            +---------+---------+-------+---------+---------+-------
